[Event "Titled Tuesday Blitz February 01 B 2022"]
[White "Tang, Andrew"]
[Black "Erigaisi Arjun"]
[WhiteFideId "2059630"]
[BlackFideId "35009192"]
[WhiteElo "2584"]
[BlackElo "2745"]
[Result "1/2-1/2"]
[Round "04"]
[TimeControl "180+1"]
[Date "2022.02.01"]
[WhiteClock "0:00:03"]
[BlackClock "0:00:13"]

1. d4 e6 2. Nf3 c5 3. c3 Nc6 4. Bf4 Qb6 5. Qd2 Nf6 6. e3 Nh5 7. Bg5 h6 8. Bh4 d5 9. Bd3 Bd7 10. O-O g5 11. Bg3 Nxg3 12. hxg3 c4 13. Be2 Qc7 14. b3 b5 15. a4 Na5 16. bxc4 Nb3 17. Qb2 bxc4 18. Ra2 Rb8 19. Qc2 Bd6 20. Nbd2 f5 21. Rb1 Nxd2 22. Nxd2 Rxb1+ 23. Nxb1 g4 24. e4 fxe4 25. Bxg4 h5 26. Bh3 h4 27. gxh4 Bh2+ 28. Kf1 Rxh4 29. Na3 Qf4 30. Qd2 Qxd2 31. Rxd2 Ke7 32. Rb2 Bc6 33. Nb5 Bb8 34. a5 a6 35. Na3 Bc7 36. Nc2 Bxa5 37. Ra2 Bxc3 38. Rxa6 Bd7 39. Ra3 Bd2 40. Ke2 c3 41. Ra7 Kd6 42. Ra6+ Kc7 43. Na3 Rh6 44. Kd1 Bc8 45. Ra5 Kd6 46. Nb1 Bg5 47. Nxc3 Bd7 48. Nxe4+ dxe4 49. Rxg5 Rh4 50. Kd2 Rh8 51. Ke3 Bc6 52. Rg6 Bd5 53. Bg4 Rh1 54. g3 Re1+ 55. Kd2 Ra1 56. Be2 Ra2+ 57. Ke3 Ra3+ 58. Kf4 Ra2 59. Ke3 Ra3+ 60. Kd2 Ra2+ 61. Kd1 Ra1+ 62. Kd2 Ra2+ 1/2-1/2


[Site "https://www.chess.com"]

[Event "Titled Tuesday Blitz February 01 B 2022"]
[White "Timofeev, Artyom"]
[Black "Golubka, Petro"]
[WhiteFideId "4140419"]
[BlackFideId "14114224"]
[WhiteElo "2583"]
[BlackElo "2392"]
[Result "1/2-1/2"]
[Round "04"]
[TimeControl "180+1"]
[Date "2022.02.01"]
[WhiteClock "0:01:16"]
[BlackClock "0:01:50"]

1. d4 d5 2. c4 e6 3. Nc3 Be7 4. Nf3 Nf6 5. Bf4 O-O 6. e3 c5 7. cxd5 Nxd5 8. Nxd5 exd5 9. Be2 Nc6 10. O-O Bg4 11. dxc5 Bxc5 12. Rc1 Bb6 13. Ne5 Bxe2 14. Qxe2 Rc8 15. Rfd1 Nxe5 16. Bxe5 Rxc1 17. Rxc1 Re8 18. Qg4 Rxe5 19. Rc8 Re8 20. Rxd8 Rxd8 21. h4 g6 22. h5 d4 23. exd4 Rxd4 24. Qc8+ Kg7 25. Qxb7 Rd2 26. b4 Rxa2 27. Kh2 Rxf2 28. hxg6 hxg6 29. Qe4 Rf5 30. g4 Rf2+ 31. Kg3 g5 32. Qe5+ Kg6 33. Qe4+ Kh6 34. Qc6+ Kg7 35. Qc3+ Rf6 36. Qe5 Kg6 37. Qe4+ Kh6 38. Qe5 Re6 39. Qh8+ Kg6 40. Qg8+ Kf6 41. Qh8+ Ke7 42. b5 Bc7+ 43. Kf3 Bb6 44. Qg7 Be3 45. Qc3 Bb6 46. Qg7 Rg6 47. Qe5+ Kf8 48. Qh8+ Ke7 49. Qe5+ Kd7 50. Qf5+ Ke7 51. Qe5+ 1/2-1/2


[Site "https://www.chess.com"]

[Event "Titled Tuesday Blitz February 01 B 2022"]
[White "Van Foreest, Jorden"]
[Black "Kobalia, Mikhail"]
[WhiteFideId "1039784"]
[BlackFideId "4119150"]
[WhiteElo "2609"]
[BlackElo "2667"]
[Result "1-0"]
[Round "04"]
[TimeControl "180+1"]
[Date "2022.02.01"]
[WhiteClock "0:01:15"]
[BlackClock "0:00:11"]

1. Nf3 d5 2. c4 c6 3. e3 Nf6 4. b3 e6 5. Bb2 Bd6 6. Nc3 O-O 7. Qc2 Nbd7 8. g4 Nc5 9. g5 Nfe4 10. d3 Nxg5 11. Nxg5 Qxg5 12. h4 Qe7 13. Rg1 f6 14. d4 Ne4 15. Nxe4 dxe4 16. Qxe4 Bb4+ 17. Kd1 f5 18. Qf3 e5 19. Kc2 Ba3 20. Bxa3 Qxa3 21. Qg3 Qe7 22. Qxe5 Qxe5 23. dxe5 f4 24. e4 Rd8 25. Be2 Be6 26. Bg4 Bxg4 27. Rxg4 Rd4 28. Rag1 g6 29. Rxf4 Rad8 30. Kb2 Rd2+ 31. Ka3 Re2 32. e6 Re8 33. Rd1 Rxe6 34. Rd8+ Kg7 35. Rd7+ Kh6 36. Rxb7 R6xe4 37. Rff7 Rxh4 38. Rxh7+ Kg5 39. Rxh4 Kxh4 40. Rh7+ Kg4 41. Rxa7 Rxf2 42. Kb4 g5 43. a4 Kh3 44. Rh7+ Kg3 45. Kc5 Rb2 46. b4 g4 47. a5 Kf3 48. Rf7+ Ke3 49. Rg7 Kf3 50. a6 Ra2 51. a7 g3 52. Kxc6 g2 53. Kb7 1-0


[Site "https://www.chess.com"]

[Event "Titled Tuesday Blitz February 01 B 2022"]
[White "Warmerdam, Max"]
[Black "Lopez Mulet, Inigo"]
[WhiteFideId "1048104"]
[BlackFideId "22235620"]
[WhiteElo "2537"]
[BlackElo "2315"]
[Result "1-0"]
[Round "04"]
[TimeControl "180+1"]
[Date "2022.02.01"]
[WhiteClock "0:01:43"]
[BlackClock "0:00:15"]

1. d4 Nf6 2. c4 c5 3. d5 b5 4. cxb5 a6 5. bxa6 g6 6. Nc3 Bg7 7. g3 O-O 8. Bg2 d6 9. Nf3 Qa5 10. O-O Bxa6 11. Qc2 Nbd7 12. Rd1 Rfb8 13. Bd2 Nb6 14. b3 Qb4 15. a3 Qg4 16. h3 Qc8 17. e4 Nfd7 18. Rab1 Rb7 19. Bg5 Kf8 20. a4 h6 21. Bf4 Rab8 22. Re1 Qc7 23. h4 Nc8 24. Bh3 Ne5 25. Bxe5 dxe5 26. Bxc8 Qxc8 27. Nd2 Qg4 28. Nc4 Rb4 29. Na2 R4b7 30. Kg2 g5 31. f3 Qh5 32. g4 Qg6 33. h5 Qf6 34. Nc3 Rb4 35. Na2 R4b7 36. Na5 Rc7 37. Nc3 Qb6 38. Nc4 Qa7 39. Red1 Rcb7 40. Na5 Rc7 41. Nc6 Rxc6 42. dxc6 Qc7 43. Nd5 Qxc6 44. Rdc1 e6 45. Ne3 c4 46. Nxc4 Kg8 47. b4 Bxc4 48. Qxc4 Qxa4 49. b5 Qa5 50. Qc3 Qb6 51. Qc7 Bf8 52. Qxb6 Rxb6 53. Rc6 Rb7 54. b6 Be7 55. Rc7 1-0


[Site "https://www.chess.com"]

[Event "Titled Tuesday Blitz February 01 B 2022"]
[White "Zhigalko, Sergei"]
[Black "Martinez Alcantara, Jose Eduardo"]
[WhiteFideId "13502956"]
[BlackFideId "3805662"]
[WhiteElo "2662"]
[BlackElo "2690"]
[Result "0-1"]
[Round "04"]
[TimeControl "180+1"]
[Date "2022.02.01"]
[WhiteClock "0:00:01"]
[BlackClock "0:00:06"]

1. e4 e5 2. Nf3 Nc6 3. Bc4 Bc5 4. b4 Bxb4 5. c3 Be7 6. d4 Na5 7. Bd3 d6 8. dxe5 dxe5 9. Nxe5 Nf6 10. O-O O-O 11. Qc2 c5 12. Nd2 Qc7 13. f4 Ng4 14. Nxg4 Bxg4 15. e5 h6 16. Ne4 Rad8 17. Be3 c4 18. Be2 Bxe2 19. Qxe2 Rd3 20. Rae1 Rfd8 21. Kh1 Nc6 22. Qh5 R8d5 23. Rf3 Kf8 24. Rg3 Qd7 25. Bg1 Rxg3 26. hxg3 b5 27. g4 Kg8 28. g5 hxg5 29. Nxg5 Bxg5 30. Qxg5 a5 31. Re3 Rd3 32. Rg3 Rxg3 33. Qxg3 Ne7 34. Qf3 Qd5 35. Qg4 g6 36. Bd4 Nf5 37. e6 Qxe6 38. Be5 Ng7 39. Qh4 b4 40. Qd8+ Ne8 41. cxb4 axb4 42. Qb8 c3 43. Qxb4 c2 44. Qc3 Qxa2 45. Kh2 Qa4 46. Qh3 f6 47. Qe6+ Kf8 48. Bxf6 Qxf4+ 49. g3 Qf2+ 50. Kh1 Qxf6 51. Qc4 Qd6 52. Qxc2 Kg7 53. Qc3+ Nf6 54. Kg2 Qd5+ 55. Kh3 g5 56. Qb2 Qh1+ 57. Qh2 g4+ 0-1


[Site "https://www.chess.com"]

[Event "Titled Tuesday Blitz February 01 B 2022"]
[White "Abdrlauf, Elham"]
[Black "Bluebaum, Matthias"]
[WhiteFideId "1533533"]
[BlackFideId "24651516"]
[WhiteElo "2334"]
[BlackElo "2550"]
[Result "1-0"]
[Round "05"]
[TimeControl "180+1"]
[Date "2022.02.01"]
[WhiteClock "0:00:21"]
[BlackClock "0:00:33"]

1. e4 c6 2. d4 d5 3. Nc3 dxe4 4. Nxe4 Nf6 5. Nxf6+ exf6 6. c3 Bf5 7. Bd3 Bxd3 8. Qxd3 Na6 9. Ne2 Nc7 10. O-O Ne6 11. Be3 g6 12. c4 Bg7 13. Rad1 O-O 14. d5 cxd5 15. cxd5 Nc7 16. d6 Ne6 17. d7 Qe7 18. Nc3 Rfd8 19. Nd5 Qf8 20. Qb5 b6 21. Nf4 Nc5 22. Bxc5 Qxc5 23. Qxc5 bxc5 24. Nd5 Kf8 25. Nc7 Rab8 26. Rfe1 f5 27. Re8+ Rxe8 28. dxe8=Q+ Rxe8 29. Nxe8 Kxe8 30. b3 Ke7 31. Rd5 Bd4 32. Kf1 Ke6 33. Rd8 a5 34. Ke2 h5 35. Rb8 Bc3 36. Kd3 Be1 37. f3 Kd5 38. Rd8+ Kc6 39. Kc4 1-0


[Site "https://www.chess.com"]

[Event "Titled Tuesday Blitz February 01 B 2022"]
[White "Barp, Alberto"]
[Black "Dobrov, Vladimir"]
[WhiteFideId "872555"]
[BlackFideId "4136594"]
[WhiteElo "2229"]
[BlackElo "2614"]
[Result "0-1"]
[Round "05"]
[TimeControl "180+1"]
[Date "2022.02.01"]
[WhiteClock "0:00:06"]
[BlackClock "0:00:42"]

1. d4 Nf6 2. c4 e6 3. Nf3 d5 4. g3 Bb4+ 5. Bd2 Be7 6. Bg2 O-O 7. O-O Nbd7 8. Qc2 c6 9. Rd1 b6 10. b3 Ba6 11. Bc1 Rc8 12. Bb2 Qc7 13. Nbd2 h6 14. Rac1 Rfd8 15. e4 Nxe4 16. Nxe4 dxe4 17. Qxe4 Bf6 18. Ne5 c5 19. Nf3 Bb7 20. Qe3 Nb8 21. Ba1 Bxf3 22. Bxf3 Bg5 23. Qc3 Bf6 24. Qe3 Bg5 25. Qc3 Rxd4 26. Rxd4 cxd4 27. Qxd4 e5 28. Qc3 Bxc1 29. Qxc1 Nd7 30. Qe3 Re8 31. Bd5 Nf6 32. Bg2 Qc5 33. Qe2 e4 34. Bxf6 gxf6 35. Qg4+ Qg5 36. Qd7 Qc1+ 37. Bf1 Re6 38. Qd8+ Kg7 39. Qd4 h5 40. h4 e3 41. fxe3 Qxe3+ 42. Qxe3 Rxe3 43. Kf2 Rc3 44. Be2 Kg6 45. Bd1 f5 46. a4 Rc1 47. Ke2 Rc3 48. Kf2 Rd3 49. Be2 Rxb3 0-1


[Site "https://www.chess.com"]

[Event "Titled Tuesday Blitz February 01 B 2022"]
[White "Blohberger, Felix"]
[Black "Kollars, Dmitrij"]
[WhiteFideId "1632051"]
[BlackFideId "12909572"]
[WhiteElo "2474"]
[BlackElo "2584"]
[Result "1/2-1/2"]
[Round "05"]
[TimeControl "180+1"]
[Date "2022.02.01"]
[WhiteClock "0:00:10"]
[BlackClock "0:00:06"]

1. d4 Nf6 2. Nf3 d5 3. Bf4 c5 4. e3 Nc6 5. Nbd2 Bg4 6. c3 e6 7. Qa4 Nd7 8. Ne5 Ndxe5 9. Bxe5 c4 10. h3 Bh5 11. e4 Qd7 12. Bg3 a6 13. Qc2 Be7 14. Be2 Bxe2 15. Kxe2 O-O 16. Rhe1 b5 17. Kf1 a5 18. Kg1 Rfc8 19. Nf3 b4 20. exd5 exd5 21. Ne5 Nxe5 22. Rxe5 f6 23. Re2 a4 24. cxb4 Bxb4 25. Rd1 a3 26. b3 Bf8 27. bxc4 Rxc4 28. Qb3 Rac8 29. Kh2 Rc3 30. Qb1 Qc6 31. Qf5 g6 32. Qb1 Rc2 33. Rdd2 Rxd2 34. Rxd2 Qc1 35. Qb6 Qxd2 36. Qe6+ Kg7 37. Qd7+ Kg8 38. Qe6+ Kg7 39. Qd7+ Kg8 40. Qe6+ 1/2-1/2


[Site "https://www.chess.com"]

[Event "Titled Tuesday Blitz February 01 B 2022"]
[White "Bok, Benjamin"]
[Black "Hakobyan, Aram"]
[WhiteFideId "1017063"]
[BlackFideId "13306677"]
[WhiteElo "2658"]
[BlackElo "2557"]
[Result "1/2-1/2"]
[Round "05"]
[TimeControl "180+1"]
[Date "2022.02.01"]
[WhiteClock "0:00:14"]
[BlackClock "0:00:05"]

1. d4 d5 2. c4 dxc4 3. Nf3 Nf6 4. e3 e6 5. Bxc4 a6 6. O-O c5 7. b3 Nbd7 8. Bb2 Be7 9. dxc5 Bxc5 10. Nbd2 O-O 11. Bd3 b6 12. Ne4 Be7 13. Qc2 Bb7 14. Nxf6+ Bxf6 15. Bxh7+ Kh8 16. Bxf6 Nxf6 17. Rad1 Qe7 18. Bd3 Bxf3 19. gxf3 Rac8 20. Qe2 Nd5 21. f4 g6 22. Rc1 a5 23. Qb2+ Kg8 24. Be4 Nf6 25. Bf3 Kg7 26. Rxc8 Rxc8 27. Rc1 Rxc1+ 28. Qxc1 e5 29. fxe5 Qxe5 30. Qc6 Qg5+ 31. Kf1 Qf5 32. Kg2 Qg5+ 33. Kh1 b5 34. Qc3 Qf5 35. Kg2 Qg5+ 36. Kf1 Qf5 37. Be2 Qb1+ 38. Kg2 b4 39. Qd4 Qxa2 40. Bc4 Qc2 41. Qa7 Qe4+ 42. Kg1 Qg4+ 43. Kf1 Qd1+ 44. Kg2 Nd7 45. Qxa5 Qg4+ 46. Kf1 Qd1+ 47. Kg2 Qg4+ 48. Kf1 Qd1+ 49. Kg2 1/2-1/2


[Site "https://www.chess.com"]

[Event "Titled Tuesday Blitz February 01 B 2022"]
[White "Bortnyk, Olexandr"]
[Black "Svane, Frederik"]
[WhiteFideId "14120828"]
[BlackFideId "12923044"]
[WhiteElo "2723"]
[BlackElo "2459"]
[Result "1-0"]
[Round "05"]
[TimeControl "180+1"]
[Date "2022.02.01"]
[WhiteClock "0:00:24"]
[BlackClock "0:00:02"]

1. e4 c5 2. c3 d5 3. exd5 Qxd5 4. d4 g6 5. Be3 cxd4 6. cxd4 Bg7 7. Nf3 Nf6 8. Nc3 Qd6 9. Bc4 O-O 10. O-O Nc6 11. h3 Na5 12. Be2 Be6 13. Ne5 Rfd8 14. Qa4 Nc6 15. Nb5 Qb8 16. Bf4 a6 17. Nxc6 Qxf4 18. Nxd8 Rxd8 19. Nc3 Rxd4 20. Qa5 Ne4 21. Nxe4 Qxe4 22. Rfe1 Qf4 23. Rad1 Be5 24. g3 Qf6 25. Bf1 Rxd1 26. Rxd1 Bxb2 27. Qb6 Kg7 28. Qxb7 Bd4 29. Rd2 Qe5 30. Qf3 Qc5 31. Qd3 Bf6 32. Qxa6 Bxh3 33. Qc4 Qa5 34. Qd5 Qxd5 35. Rxd5 Be6 36. Ra5 Bc3 37. Ra6 Kf6 38. Bc4 Ke5 39. Bxe6 fxe6 40. a4 Bd4 41. Ra8 Kd5 42. Rd8+ Kc4 43. a5 Bc5 44. Rb8 Kd5 45. a6 1-0


[Site "https://www.chess.com"]

[Event "Titled Tuesday Blitz February 01 B 2022"]
[White "Deac, Bogdan-Daniel"]
[Black "Murzin, Volodar"]
[WhiteFideId "1226380"]
[BlackFideId "44155573"]
[WhiteElo "2646"]
[BlackElo "2585"]
[Result "1-0"]
[Round "05"]
[TimeControl "180+1"]
[Date "2022.02.01"]
[WhiteClock "0:00:06"]
[BlackClock "0:00:04"]

1. e4 c6 2. d4 d5 3. f3 e6 4. Nc3 Bb4 5. Bd2 dxe4 6. Nxe4 Be7 7. Be3 Nd7 8. Qd2 Ngf6 9. Bd3 Nd5 10. Bg5 f5 11. Nd6+ Kf8 12. Bxe7+ Qxe7 13. Nxc8 Qh4+ 14. g3 Qxd4 15. Nd6 Qxb2 16. Rc1 Qe5+ 17. Ne4 fxe4 18. fxe4 N5f6 19. Nf3 Qc5 20. Kf1 Ng4 21. Qf4+ Ndf6 22. Ng5 Ke7 23. Kg2 e5 24. Qd2 Ne3+ 25. Kg1 Rad8 26. h3 h6 27. Nf3 Rhf8 28. Kh2 Nfg4+ 29. hxg4 Rxf3 30. Kh3 Rdf8 31. Be2 Rf2 32. Rcd1 Qd4 33. Qa5 Nxd1 34. Rxd1 Qb6 35. Qxe5+ Kf7 36. Rd7+ 1-0


[Site "https://www.chess.com"]

[Event "Titled Tuesday Blitz February 01 B 2022"]
[White "Dourerassou, Jonathan"]
[Black "Andreikin, Dmitry"]
[WhiteFideId "628050"]
[BlackFideId "4158814"]
[WhiteElo "2513"]
[BlackElo "2736"]
[Result "0-1"]
[Round "05"]
[TimeControl "180+1"]
[Date "2022.02.01"]
[WhiteClock "0:00:09"]
[BlackClock "0:00:24"]

1. c4 e6 2. Nc3 d5 3. d4 Nf6 4. cxd5 exd5 5. Bg5 Be6 6. e3 Nbd7 7. Bd3 c6 8. Nge2 h6 9. Bh4 g5 10. Bg3 Nh5 11. Qc2 Qe7 12. O-O-O Bg7 13. Kb1 Rc8 14. Bf5 Bxf5 15. Qxf5 Qe6 16. Qxe6+ fxe6 17. Bd6 Bf8 18. Be5 Bg7 19. Bd6 Nb6 20. b3 Kd7 21. Be5 Rhf8 22. f3 Ke7 23. g4 Bxe5 24. dxe5 Ng7 25. f4 c5 26. Nb5 d4 27. exd4 gxf4 28. Nxa7 Rcd8 29. dxc5 Nd5 30. Nb5 f3 31. Ng3 Ne3 32. Rd6 f2 33. Nf1 Nxg4 34. Nc3 Nf5 35. Ne4 Nxd6 36. exd6+ Kd7 37. h3 Ne5 38. Nfd2 Kc6 39. b4 b6 40. Rf1 bxc5 41. bxc5 Nd3 42. Nb3 Rf4 43. Nc3 Nxc5 44. Ne2 Nxb3 45. Nxf4 Nd2+ 46. Kc2 Nxf1 47. Nxe6 Ne3+ 0-1


[Site "https://www.chess.com"]

[Event "Titled Tuesday Blitz February 01 B 2022"]
[White "Erigaisi Arjun"]
[Black "Babazada, Khazar"]
[WhiteFideId "35009192"]
[BlackFideId "13413554"]
[WhiteElo "2745"]
[BlackElo "2418"]
[Result "0-1"]
[Round "05"]
[TimeControl "180+1"]
[Date "2022.02.01"]
[WhiteClock "0:00:47"]
[BlackClock "0:00:27"]

1. d4 Nf6 2. Bg5 e6 3. e4 h6 4. Bxf6 Qxf6 5. c3 d6 6. Bd3 Nc6 7. Ne2 e5 8. O-O Be7 9. Na3 O-O 10. Nb5 Bd8 11. f4 Qg6 12. d5 Ne7 13. f5 Qf6 14. c4 c6 15. Nbc3 Bb6+ 16. Kh1 Kh8 17. Ng3 Ng8 18. Rf3 Qh4 19. Nf1 Nf6 20. Rh3 Qf2 21. Nd2 cxd5 22. Nxd5 Nxd5 23. cxd5 Bd7 24. Nc4 Bc5 25. Qh5 f6 26. Rf1 Qd4 27. Rg3 Be8 28. Qg4 Rf7 29. b3 Rc7 30. a4 Rac8 31. h4 a6 32. a5 Bb4 33. Kh2 Bb5 34. Qh5 Bxc4 35. Bxc4 Bxa5 36. Rxg7 Rxg7 37. Qxh6+ Kg8 38. Qxf6 Re8 39. Qe6+ Rxe6 40. dxe6 Qxe4 0-1


[Site "https://www.chess.com"]

[Event "Titled Tuesday Blitz February 01 B 2022"]
[White "Garcia Martin, Marta"]
[Black "Niemann, Hans Moke"]
[WhiteFideId "32084030"]
[BlackFideId "2093596"]
[WhiteElo "2102"]
[BlackElo "2636"]
[Result "1/2-1/2"]
[Round "05"]
[TimeControl "180+1"]
[Date "2022.02.01"]
[WhiteClock "0:00:04"]
[BlackClock "0:00:08"]

1. Nf3 d5 2. e3 c5 3. b3 Nc6 4. Bb5 f6 5. c4 a6 6. Bxc6+ bxc6 7. Nc3 e5 8. d3 g5 9. Na4 g4 10. Nd2 h5 11. Ba3 Nh6 12. Bxc5 Bxc5 13. Nxc5 Nf5 14. Rc1 d4 15. e4 Ne7 16. b4 h4 17. Ndb3 Ng6 18. Na5 Nf4 19. g3 hxg3 20. fxg3 Ng2+ 21. Kf2 Ne3 22. Qa4 O-O 23. Qxc6 Ra7 24. Ne6 Bxe6 25. Qxe6+ Raf7 26. Nc6 Qc7 27. Ke2 Kg7 28. h3 Qc8 29. Qxc8 Rxc8 30. b5 axb5 31. cxb5 Ra8 32. hxg4 Rxa2+ 33. Kf3 Rb7 34. Nb4 Ra3 35. Rc6 Rb3 36. b6 Kg6 37. Rh8 Rxb4 38. Rc7 R4xb6 39. Rg8+ Kh6 40. Rh8+ Kg6 41. Rg8+ Kh6 42. Rh8+ Kg6 1/2-1/2


[Site "https://www.chess.com"]

[Event "Titled Tuesday Blitz February 01 B 2022"]
[White "Garriga Cazorla, Pere"]
[Black "Shirov, Alexei"]
[WhiteFideId "32011601"]
[BlackFideId "2209390"]
[WhiteElo "2458"]
[BlackElo "2645"]
[Result "1-0"]
[Round "05"]
[TimeControl "180+1"]
[Date "2022.02.01"]
[WhiteClock "0:00:07"]
[BlackClock "0:00:07"]

1. d4 d5 2. Nf3 Nf6 3. c4 c6 4. Nc3 e6 5. e3 Nbd7 6. Qc2 Bd6 7. Bd3 O-O 8. O-O dxc4 9. Bxc4 b5 10. Be2 Bb7 11. e4 e5 12. dxe5 Nxe5 13. Nd4 Neg4 14. g3 Bc5 15. Nf5 Qb6 16. Kg2 Nxf2 17. Bg5 N6g4 18. h3 f6 19. Bf4 Ne5 20. b4 Bxb4 21. Rxf2 Bc5 22. Rff1 Rae8 23. Rac1 g6 24. Nh6+ Kg7 25. Ng4 Nxg4 26. Bxg4 Bd4 27. Bf3 b4 28. Na4 Qa5 29. Nc5 Bxc5 30. Qxc5 Qxa2+ 31. Rf2 Qa3 32. Rd1 Rf7 33. h4 a5 34. Rfd2 Qa4 35. Rd7 Qa2+ 36. R1d2 Qe6 37. Rxf7+ Qxf7 38. Qxa5 b3 39. Kh2 c5 40. Qxc5 Bxe4 41. Bxe4 Rxe4 42. Qb5 Re7 43. Rd6 Rb7 44. Rb6 Rxb6 45. Qxb6 h6 46. Bc1 g5 47. hxg5 hxg5 48. Bb2 Qh5+ 49. Kg1 Qd1+ 50. Kg2 Qd5+ 51. Kg1 Qf3 52. Qf2 Qxf2+ 53. Kxf2 Kg6 54. Ke3 f5 55. Kf3 Kh5 56. Bf6 Kg6 57. Bb2 Kf7 58. Bc1 Ke6 59. Ke3 Kd5 60. Kd3 Ke5 61. Kc3 Ke4 62. Bxg5 Kf3 63. Bf4 Ke4 64. Kxb3 1-0


[Site "https://www.chess.com"]

[Event "Titled Tuesday Blitz February 01 B 2022"]
[White "Hess, Robert"]
[Black "Vakhlamov, Igor L."]
[WhiteFideId "2022036"]
[BlackFideId "24126748"]
[WhiteElo "2557"]
[BlackElo "2401"]
[Result "1-0"]
[Round "05"]
[TimeControl "180+1"]
[Date "2022.02.01"]
[WhiteClock "0:00:03"]
[BlackClock "0:00:05"]

1. b3 Nf6 2. Bb2 d6 3. d3 g6 4. Nd2 Bg7 5. h3 O-O 6. e3 e5 7. Ne2 c5 8. g4 Nc6 9. Bg2 Re8 10. Ng3 h6 11. Qe2 Be6 12. O-O-O a5 13. a4 Rb8 14. Nde4 Nb4 15. c4 b5 16. axb5 a4 17. bxa4 Qa5 18. Nc3 d5 19. Kb1 d4 20. Nce4 Qxa4 21. Nxc5 Qa2+ 22. Kc1 Rec8 23. exd4 exd4 24. Bxd4 Qa5 25. Nxe6 fxe6 26. g5 hxg5 27. h4 Qxb5 28. Qxe6+ Kf8 29. Bxf6 Rc7 30. Bxg7+ Rxg7 31. Qd6+ Kg8 32. cxb5 Rc8+ 33. Kb2 Rc2+ 34. Kb3 Rgc7 35. Qxc7 Rxc7 36. Kxb4 Rf7 37. Bd5 Kg7 38. Bxf7 Kf6 39. hxg5+ Ke5 40. Rhe1+ Kf4 41. Bxg6 Kf3 42. Be4+ Kf4 43. b6 Ke5 44. b7 Kd4 45. Nf5+ Ke5 46. b8=Q+ Ke6 47. Qe8# 1-0


[Site "https://www.chess.com"]

[Event "Titled Tuesday Blitz February 01 B 2022"]
[White "Ibarra Jerez, Jose Carlos"]
[Black "Gaehwiler, Gabriel"]
[WhiteFideId "2226332"]
[BlackFideId "1314530"]
[WhiteElo "2626"]
[BlackElo "2383"]
[Result "0-1"]
[Round "05"]
[TimeControl "180+1"]
[Date "2022.02.01"]
[WhiteClock "0:00:04"]
[BlackClock "0:00:16"]

1. d4 Nf6 2. Bf4 g6 3. Nc3 d5 4. e3 c6 5. h4 h6 6. Nf3 Bg7 7. Ne5 Nbd7 8. Bd3 Nf8 9. g4 h5 10. g5 Ng4 11. Nxg4 Bxg4 12. f3 Bf5 13. Bxf5 gxf5 14. Qd3 Qd7 15. O-O-O Ng6 16. Bg3 Rd8 17. Kb1 e6 18. Ne2 Kf8 19. Rhf1 Kg8 20. e4 dxe4 21. fxe4 fxe4 22. Qxe4 Qd5 23. Qe3 c5 24. Nf4 cxd4 25. Nxg6 dxe3 26. Ne7+ Kf8 27. Nxd5 exd5 28. g6 Rh6 29. Rxf7+ Kg8 30. Rxb7 Rxg6 31. Bf4 d4 32. Bg5 Rf8 33. Re7 Bf6 34. Re6 Kf7 35. Rxf6+ Rxf6 36. Bxf6 Kxf6 37. Rxd4 Ke5 38. Rd1 e2 39. Re1 Rf1 40. Kc1 Rxe1+ 41. Kd2 Rh1 42. Kxe2 Rxh4 0-1


[Site "https://www.chess.com"]

[Event "Titled Tuesday Blitz February 01 B 2022"]
[White "Jobava, Baadur"]
[Black "Kamsky, Gata"]
[WhiteFideId "13601520"]
[BlackFideId "2000024"]
[WhiteElo "2617"]
[BlackElo "2645"]
[Result "1-0"]
[Round "05"]
[TimeControl "180+1"]
[Date "2022.02.01"]
[WhiteClock "0:00:14"]
[BlackClock "0:00:02"]

1. e4 e5 2. Nf3 Nc6 3. Bc4 Bc5 4. c3 Nf6 5. d3 d6 6. b4 Bb6 7. O-O h6 8. Nbd2 O-O 9. Bb3 Ne7 10. Nc4 Ng6 11. a4 c6 12. Nxb6 axb6 13. Re1 Re8 14. Bc2 b5 15. Be3 bxa4 16. Rxa4 Rxa4 17. Bxa4 Bg4 18. h3 Bh5 19. g3 d5 20. Kg2 Qd7 21. Bc2 Ra8 22. Rh1 Ra2 23. Qb1 Ra3 24. Qb2 Ra8 25. Nh2 dxe4 26. dxe4 Be2 27. Re1 Bc4 28. Rd1 Qe6 29. Nf3 Ra2 30. Qb1 Ra3 31. Qb2 Ra2 32. Qc1 Bb3 33. Rd8+ Kh7 34. Bb1 Ra6 35. Nd2 Qe7 36. Rd3 Be6 37. Bc5 Qe8 38. Rf3 Nd7 39. Bd6 b5 40. c4 bxc4 41. Nxc4 f6 42. Na5 Qc8 43. Rc3 Nb8 44. Kh2 Rb6 45. Bd3 Qd7 46. Bc5 Rb5 47. Bxb5 cxb5 48. Be3 Na6 49. Qd2 Bxh3 50. Qxd7 Bxd7 51. Bc5 h5 52. Bd6 Kg8 53. Nc6 Kf7 54. Nd8+ Ke8 55. Nb7 h4 56. Ra3 Bc6 57. Rxa6 Bxb7 58. Ra7 Bxe4 59. Rxg7 hxg3+ 60. fxg3 1-0


[Site "https://www.chess.com"]

[Event "Titled Tuesday Blitz February 01 B 2022"]
[White "Kobalia, Mikhail"]
[Black "Suder, Jakub"]
[WhiteFideId "4119150"]
[BlackFideId "1195310"]
[WhiteElo "2667"]
[BlackElo "2058"]
[Result "1-0"]
[Round "05"]
[TimeControl "180+1"]
[Date "2022.02.01"]
[WhiteClock "0:01:50"]
[BlackClock "0:00:49"]

1. e4 c5 2. Nf3 e6 3. g3 Nc6 4. Bg2 Nf6 5. Qe2 Be7 6. O-O d5 7. exd5 Nxd5 8. Rd1 O-O 9. d4 cxd4 10. Nxd4 Nxd4 11. Rxd4 Bf6 12. Rd1 Qc7 13. c4 Ne7 14. Nc3 Bxc3 15. bxc3 Ng6 16. Ba3 Re8 17. Bd6 Qa5 18. Qb2 Qa6 19. Qb5 Qxb5 20. cxb5 a6 21. b6 a5 22. a4 Ra6 23. Bc7 Ne7 24. c4 f6 25. Rd6 Kf7 26. Rad1 Ra8 27. Rd8 Nc6 28. Rxe8 Kxe8 29. Bxc6+ bxc6 30. Rd8+ Ke7 31. Rxc8 Rxc8 32. b7 1-0


[Site "https://www.chess.com"]

[Event "Titled Tuesday Blitz February 01 B 2022"]
[White "Kosakowski, Jakub"]
[Black "Mikhailov, Viacheslav"]
[WhiteFideId "1185080"]
[BlackFideId "4187369"]
[WhiteElo "2476"]
[BlackElo "2381"]
[Result "1-0"]
[Round "05"]
[TimeControl "180+1"]
[Date "2022.02.01"]
[WhiteClock "0:00:27"]
[BlackClock "0:00:00"]

1. h3 Nf6 2. b3 g6 3. Bb2 Bg7 4. Nf3 O-O 5. d4 d6 6. e3 c5 7. Bd3 Nc6 8. Nbd2 Nb4 9. dxc5 Nxd3+ 10. cxd3 dxc5 11. Nc4 Bf5 12. d4 Be6 13. Rc1 b5 14. Ncd2 cxd4 15. Nxd4 Bd7 16. O-O Rc8 17. N2f3 Qa5 18. Qe2 Ne4 19. a3 e5 20. Nc2 Be6 21. Bxe5 Bxb3 22. Bxg7 Bc4 23. Qe1 Qxe1 24. Rfxe1 Kxg7 25. Ncd4 a6 26. Ne5 Rfd8 27. Nec6 Rd6 28. Na5 Rf6 29. Rc2 Rd8 30. Rec1 Bd3 31. Rb2 Nd6 32. Nac6 Nc4 33. Rxc4 bxc4 34. Nxd8 c3 35. Rb3 c2 36. Rc3 Rb6 37. Nxc2 Rb1+ 38. Kh2 Bf5 39. Nd4 Bd7 40. Rc7 Ba4 41. Rxf7+ Kh6 42. N8e6 Rb2 43. g4 g5 44. Rf6# 1-0


[Site "https://www.chess.com"]

[Event "Titled Tuesday Blitz February 01 B 2022"]
[White "Kravtsiv, Martyn"]
[Black "Praggnanandhaa R"]
[WhiteFideId "14113147"]
[BlackFideId "25059530"]
[WhiteElo "2694"]
[BlackElo "2599"]
[Result "1-0"]
[Round "05"]
[TimeControl "180+1"]
[Date "2022.02.01"]
[WhiteClock "0:00:28"]
[BlackClock "0:00:11"]

1. e4 Nc6 2. Nf3 d6 3. d4 Nf6 4. Nc3 g6 5. d5 Nb8 6. g3 Bg7 7. Bg2 O-O 8. O-O e6 9. Re1 exd5 10. exd5 Bg4 11. h3 Bxf3 12. Qxf3 Nbd7 13. Bd2 h5 14. Bg5 Kh7 15. Qf4 Re8 16. Nb5 Rxe1+ 17. Rxe1 a6 18. Nc3 Qf8 19. Qb4 Rb8 20. Qc4 Rc8 21. Qb4 Nc5 22. Na4 a5 23. Qh4 Ncd7 24. Nc3 Re8 25. Kf1 Rxe1+ 26. Kxe1 Qe7+ 27. Kd1 Bh6 28. Bxh6 Kxh6 29. Qf4+ Kg7 30. b3 Nc5 31. Qd4 Kf8 32. a3 Ncd7 33. Nb5 Nc5 34. b4 axb4 35. axb4 Na6 36. c3 Qe5 37. Qxe5 dxe5 38. d6 c6 39. Nc7 Nb8 40. c4 Ne8 41. c5 Nd7 42. Kd2 f5 43. Ne6+ Kg8 44. Nd8 e4 45. Nxb7 Nef6 46. Na5 Ne5 47. Bf1 Nd5 48. b5 cxb5 49. Bxb5 Kf8 50. c6 Nb6 51. c7 Kf7 52. d7 Nexd7 53. Bxd7 1-0


[Site "https://www.chess.com"]